 Dungeon Sprint DCSS version 0.29-a0-563-g64e4043184 (webtiles) character file.

Game seed: 16732154155756742837

543083 mhtbhm the Middleweight Champion (level 20, -8/324 HPs)
             Began as a Red Draconian Transmuter on June 5, 2022.
             Was an Initiate of Gozag.
             Mangled by Antaeus (85 damage)
             ... in the Dungeon (Sprint IX: "|||||||||||||||||||||||||||||") on June 11, 2022.
             The game lasted 00:36:01 (16668 turns).

mhtbhm the Middleweight Champion (DrTm)            Turns: 16668, Time: 00:36:02

Health: -8/324     AC: 20    Str: 33    XL:     20   Next: 57%
Magic:  0/51       EV: 17    Int: 12    God:    Gozag
Gold:   2876       SH:  8    Dex: 11    Spells: 35/73 levels left

rFire   + + +      SeeInvis +     - Unarmed
rCold   x . .      Faith    .   (shield currently unavailable)
rNeg    . . .      Spirit   +   (body armour unavailable)
rPois   +          Reflect  .   (helmet currently unavailable)
rElec   +          Harm     .   (cloak currently unavailable)
rCorr   +          Rampage  .   (gloves currently unavailable)
Will    ++...      NoTele   +   (boots currently unavailable)
Stlth   +++++.....              y - brooch of Shielding {Spirit SH+8}
HPRegen 0.64/turn               M - ring "Oxzo" {rElec rC+ rCorr}
MPRegen 0.32/turn               x - ring "Bomiud" {Fire Will+ rCorr Str+3 Slay+3 SInv}

@: mighty, dragon-form, wereblooded, calling dragons, gold aura, flying, very
slightly contaminated
A: dragon claw, dragon scales, flying, boosted hp, breathe fire, AC +10, giant,
unfitting armour, (fire resistance 1), (cold-blooded), clumsy 1, dopey 1
}: 11/17 runes: decaying, serpentine, barnacled, slimy, elven, silver, golden,
bone, abyssal, fiery, gossamer
a: Breathe Fire, End Transformation, Renounce Religion, Potion Petition, Call
Merchant, Bribe Branch


You were in the Dungeon.
You worshipped Gozag.
Gozag was most pleased with you.
You were a fearsome fire dragon!
You visited 1 branch You collected 52589 gold pieces.
You spent 10209 gold pieces at shops.
You paid 39504 gold pieces to Gozag.

Inventory:

Missiles
 s - 2 curare-tipped darts
 t - 2 silver boomerangs
 H - 3 silver javelins
 I - 2 javelins
Armour
 f - a +2 pair of boots of stealth (melded)
 u - the +3 pair of gauntlets of War (melded) {Slay+5}
   (You found it in the Dungeon)

   Slay:      It affects your accuracy & damage with ranged weapons and melee
   (+5).
 E - a +0 hat (melded)
 J - a +2 cloak (melded)
 L - the +2 pair of gloves of the Dungeon {+Blink rPois rF+ Dex+2 Slay+3}
   (You bought it in a shop in the Dungeon)

   Dex:       It affects your dexterity (+2).
   Slay:      It affects your accuracy & damage with ranged weapons and melee
   (+3).
   rF:        It protects you from fire.
   rPois:     It protects you from poison.
   +Blink:    It lets you blink.
 N - a +0 pair of boots of flying
Jewellery
 p - a +6 ring of strength
 x - the ring "Bomiud" (right foreclaw) {Fire Will+ rCorr Str+3 Slay+3 SInv}
   (You bought it in a shop in the Dungeon)

   [ring of fire]

   It enhances your fire magic.
   Str:       It affects your strength (+3).
   Slay:      It affects your accuracy & damage with ranged weapons and melee
   (+3).
   rF:        It protects you from fire.
   rC:        It makes you vulnerable to cold.
   SInv:      It lets you see invisible.
   rCorr:     It protects you from acid and corrosion.
   Will:      It increases your willpower.
 y - the brooch of Shielding (around neck) {Spirit SH+8}
   (You bought it in a shop in the Dungeon)

   [amulet of guardian spirit]

   It causes incoming damage to be divided between your reserves of health and
   magic.
   SH:        It affects your SH (+8).
 z - a ring of protection from fire
 A - a ring of protection from cold
 B - a ring of see invisible
 M - the ring "Oxzo" (left foreclaw) {rElec rC+ rCorr}
   (You found it in the Dungeon)

   [ring of resist corrosion]

   rC:        It protects you from cold.
   rElec:     It insulates you from electricity.
   rCorr:     It protects you from acid and corrosion.
 O - the amulet of Puppuz {Regen+ SInv}
   (You found it in the Dungeon)

   [amulet of regeneration]

   SInv:      It lets you see invisible.
   Regen:     It increases your rate of health regeneration.
 P - the amulet "Reobleni" {Faith rF++ Str+4}
   (You found it in the Dungeon)

   [amulet of faith]

   It allows you to gain divine favour quickly.
   Str:       It affects your strength (+4).
   rF:        It greatly protects you from fire.
Wands
 h - a wand of acid (3)
 i - a wand of iceblast (3)
 Q - a wand of mindburst (7)
Scrolls
 g - 3 scrolls of blinking
 j - a scroll of summoning
 m - 5 scrolls of enchant armour
 n - 10 scrolls of identify
 r - 2 scrolls of amnesia
 v - a scroll of immolation
 C - 6 scrolls of fear
 D - 4 scrolls of fog
Potions
 a - a potion of lignification
 b - 11 potions of curing
 c - 13 potions of heal wounds
 d - 4 potions of might
 e - 9 potions of magic
 k - a potion of berserk rage
 l - a potion of resistance
 o - a potion of ambrosia
 q - 4 potions of brilliance
 w - 6 potions of mutation
 F - 5 potions of haste
Miscellaneous
 G - a lightning rod (4/4)
 K - the horn of Geryon
 R - a condenser vane
 S - a tin of tremorstones (2/2)


   Skills:
 O Level 27 Fighting
 - Level 1.0(1.2) Short Blades
 - Level 1.0(1.2) Long Blades
 - Level 0.9(1.3) Axes
 - Level 0.9(1.3) Maces & Flails
 - Level 0.9(1.3) Polearms
 - Level 0.9(1.3) Staves
 - Level 0.8(18.0) Slings
 - Level 0.9 Bows
 - Level 0.8 Crossbows
 + Level 26.8 Throwing
 O Level 27 Dodging
 - Level 12.4 Stealth
 - Level 1.0 Shields
 O Level 27 Unarmed Combat
 O Level 27 Spellcasting
 - Level 1.3 Conjurations
 - Level 0.8 Hexes
 O Level 27 Summonings
 - Level 0.9 Necromancy
 - Level 1.1 Translocations
 O Level 27 Transmutations
 - Level 1.3 Fire Magic
 - Level 6.6 Ice Magic
 - Level 0.9 Air Magic
 - Level 0.9 Earth Magic
 - Level 0.9 Poison Magic
 - Level 1.0 Invocations
 O Level 27 Evocations


You had 35 spell levels left.
You knew the following spells:

 Your Spells              Type           Power      Damage    Failure   Level
a - Beastly Appendage     Tmut           100%       N/A       0%          1
b - Wereblood             Tmut           69%        N/A       0%          2
c - Spider Form           Tmut/Pois      49%        N/A       1%          3
d - Ice Form              Ice/Tmut       54%        N/A       1%          4
e - Dragon Form           Tmut           34%        N/A       1%          7
f - Blade Hands           Tmut           34%        N/A       0%          5
g - Storm Form            Tmut/Air       24%        N/A       6%          7
h - Dragon's Call         Summ           34%        N/A       3%          9

Your spell library contained the following spells:

 Spells                   Type           Power      Damage    Failure   Level
 Summon Small Mammal      Summ           100%       N/A       0%          1
 Passwall                 Tmut/Erth      40%        N/A       0%          2
 Call Canine Familiar     Summ           69%        N/A       0%          3
 Summon Guardian Golem    Hex/Summ       49%        N/A       1%          3
 Yara's Violent Unravell  Hex/Tmut       24%        3d11      1%          5
 Summon Hydra             Summ           34%        N/A       1%          7
 Portal Projectile        Hex/Tloc       36%        N/A       4%          3
 Leda's Liquefaction      Hex/Erth       9%         N/A       14%         4
 Cause Fear               Hex            9%         N/A       16%         4
 Iron Shot                Conj/Erth      9%         9d3       90%         6
 Animate Armour           Summ/Erth      Unusable   N/A       N/A         4

Dungeon Overview and Level Annotations

Branches:
Dungeon (1/1)

Altars:
Cheibriados
Dithmenos
Elyvilon
Fedhas
Gozag
Hepliaklqana
Kikubaaqudgha
Makhleb
Nemelex Xobeh
Okawaru
Qazlal
Ru
Sif Muna
Trog
Uskayaw
Vehumet
Wu Jian
Xom
Yredelemnul
Zin
The Shining One
Beogh
Jiyva
Lugonu

Shops:
D :=*=**!=!:*?[:=??*::**:

Annotations:
D Antaeus, Lom Lobon


Innate Abilities, Weirdness & Mutations

You are a fearsome fire dragon!
You have a powerful clawing attack.
Your giant scaled body is strong and resiliant, but less evasive.
Your breath weapon is enhanced in this form.
You are flying.
Your maximum health is greatly increased.
Your armour is entirely melded.
You are incapable of wielding weapons or throwing items.
You can breathe blasts of fire.
Your fiery red scales are hard. (AC +10)
You cannot fit into any form of body armour.
((Your flesh is heat resistant. (rF+)))
((You are cold-blooded and may be slowed by cold attacks.))
You are clumsy. (Dex -2)
You are dopey. (Int -2)


Message History

The nameless horror holds its ground!
Unknown command.
Okay, then.
Press: ? - help, v - describe, . - travel, g - get item
Here: Antaeus Item here: an obsidian rune of Zot.
The floor.
Unknown command.
You completely miss Antaeus.
Antaeus is no longer distracted by gold.
Lom Lobon screams, "Admit defeat, thou pox-marked toenail-biting varlet!"
You tail-slap Antaeus, but do no damage.
You claw Antaeus.
Antaeus is lightly wounded.
A dragon arrives to answer your call!
Lom Lobon is no longer distracted by gold.
Antaeus hits you!!! Antaeus freezes you!!!
You feel a terrible chill! You block Antaeus's attack.
Lom Lobon hits your shadow dragon!!
Unknown command.
Unknown command.
You maul Antaeus!!!!
You tail-slap Antaeus! You claw Antaeus!!
Antaeus is lightly wounded.
You roar as the wereblood boils in your veins!
The nameless horror is distracted by your dazzling golden aura.
Your golden dragon bites the nameless horror.
The nameless horror is no longer distracted by gold.
Your golden dragon claws the nameless horror!
The nameless horror is destroyed!
Your shadow dragon is engulfed in blazing flames.
Your shadow dragon completely misses Lom Lobon.
Your shadow dragon claws Lom Lobon. x2
You maul Antaeus!!!!
You tail-slap Antaeus, but do no damage.
You bite Antaeus, but do no damage.
Antaeus is moderately wounded.
Antaeus hits you!!!
* * * LOW HITPOINT WARNING * * *
Antaeus freezes you!!!!
You feel a terrible chill!
You die...
Your body crumbles into a pile of gold.

▓.....'..................
▓.▓▓▓▓▓▓▓▓▓▓▓▓▓▓▓▓▓▓▓▓▓▓▓
▓........................
▓▓▓▓▓▓▓▓▓▓▓▓▓▓▓▓▓▓▓▓▓▓▓▓▓
▓......'...........'.....
▓.▓▓▓▓▓▓▓▓▓▓▓▓▓▓▓▓▓▓▓▓▓▓▓
▓........................
▓▓▓▓▓▓▓▓▓▓▓▓▓▓▓▓▓▓▓▓▓▓▓▓▓
*φ..φD.CDD&..φ..§§.....'.
*▓▓▓▓▓▓▓▓▓▓▓▓▓▓▓▓▓▓▓▓▓▓▓▓


You could see Antaeus (ally target), Lom Lobon (agile, gusty, ally target), a
friendly shadow dragon (summoned) and a friendly golden dragon (summoned).

Vanquished Creatures
  Cerebov (D)
  Asmodeus (D)
  the Royal Jelly (D)
  Gloorx Vloq (D)
  Ereshkigal (D)
  Mnoleg (D)
  Dispater (D)
  4 orbs of fire (D)
  6 ancient liches (D)
  Sojobo (D)
  5 royal mummies (D)
  2 Killer Klowns (D)
  Boris (D)
  Frederick (D)
  A curse toe (D)
  3 golden dragons (D)
  Geryon (D)
  Nikola (D)
  An electric golem (D)
  30 Orb Guardians (D)
  Rupert (D)
  4 liches (D)
  4 tentacled monstrosities (D)
  4 deep elf blademasters (D)
  A quicksilver dragon (D)
  11 acid blobs (D)
  Frances (D)
  A deep elf master archer (D)
  A death cob (D)
  12 sphinxes (D)
  A storm dragon (D)
  7 shadow dragons (D)
  3 tengu reavers (D)
  Ilsuiw (D)
  Gastronok (D)
  6 nagarajas (D)
  4 azure jellies (D)
  A draconian knight (D)
  6 emperor scorpions (D)
  4 fire giants (D)
  4 deep elf sorcerers (D)
  Louise (D)
  A draconian monk (D)
  5 rockslimes (D)
  A draconian scorcher (D)
  4 ghost moths (D)
  6 vault wardens (D)
  A frost giant (D)
  A quicksilver ooze (D)
  3 draconian annihilators (D)
  2 draconian shifters (D)
  4 stone giants (D)
  A spriggan defender (D)
  3 ironbound preservers (D)
  3 very ugly things (D)
  2 deep elf demonologists (D)
  3 purple draconians (D)
  6 vampire knights (D)
  2 black draconians (D)
  4 dire elephants (D)
  8 green draconians (D)
  A yellow draconian (D)
  A bunyip (D)
  7 white draconians (D)
  2 deep elf annihilators (D)
  Azrael (D)
  An entropy weaver (D)
  A red draconian (D)
  2 ettins (D)
  3 deep elf death magi (D)
  2 merfolk javelineers (D)
  4 mummy priests (D)
  3 merfolk impalers (D)
  6 fire dragons (D)
  2 yaktaur captains (D)
  25 vault guards (D)
  8 ice dragons (D)
  8 hydras (D)
  A ghost crab (D)
  A rakshasa (D)
  2 merfolk avatars (D)
  2 centaur warriors (D)
  2 radroaches (D)
  2 ironbound frosthearts (D)
  An alligator (D)
  4 merfolk aquamancers (D)
  A deep troll shaman (D)
  6 naga warriors (D)
  A deep troll earth mage (D)
  A hell knight (D)
  2 spriggan berserkers (D)
  A vampire mage (D)
  A naga sharpshooter (D)
  2 shadow wraiths (D)
  A wretched star (D)
  Sonja (D)
  A goliath frog (D)
  A pharaoh ant (D)
  A glowing orange brain (D)
  A death drake (shapeshifter) (D)
  A steelbarb worm (D)
  A sea snake (D)
  A bog body (D)
  An orb spider (D)
  6 swamp dragons (D)
  2 spriggan druids (D)
  2 wizards (D)
  A lindwurm (D)
  3 ironbound convokers (D)
  2 orc knights (D)
  3 wolf spiders (D)
  A mana viper (D)
  A large abomination (D)
  3 ugly things (D)
  8 orc sorcerers (D)
  5 manticores (D)
  5 moths of wrath (D)
  4 vault sentinels (D)
  A black mamba (D)
  7 elephants (D)
  A water nymph (D)
  3 naga magi (D)
  2 guardian serpents (D)
  A water nymph (shapeshifter) (D)
  7 cane toads (D)
  Psyche (D)
  4 komodo dragons (D)
  A freezing wraith (D)
  An unseen horror (D)
  A demonic crawler (D)
  3 tengu conjurers (D)
  An efreet (D)
  A yaktaur (D)
  An ancient zyme (D)
  19 guardian mummies (D)
  4 trolls (D)
  A wandering mushroom (D)
  2 merfolk (D)
  2 tyrant leeches (D)
  A tarantella (shapeshifter) (D)
  2 snapping turtles (D)
  A flying skull (D)
  A jumping spider (D)
  A water elemental (D)
  A yak (D)
  3 golden eyes (D)
  11 spriggans (D)
  A wraith (D)
  A basilisk (D)
  2 fire elementals (D)
  A neqoxec (D)
  A redback (shapeshifter) (D)
  3 redbacks (D)
  2 nagas (D)
  An acid dragon (D)
  3 hell hounds (D)
  4 water moccasins (D)
  9 orc warriors (D)
  A black bear (D)
  An ice beast (D)
  A centaur (D)
  A phantom (D)
  A bullfrog (D)
  A gnoll sergeant (D)
  A small abomination (D)
  A killer bee (D)
  4 orc priests (D)
  An iguana (D)
  11 orc wizards (D)
  A gnoll (D)
  A white imp (D)
  7 orcs (D)
  A hobgoblin (D)
  A jackal (D)
  A bat (D)
  2 goblins (D)
517 creatures vanquished.

Vanquished Creatures (collateral kills)
  A nameless horror (D)
1 creature vanquished.

Vanquished Creatures (others)
  Maurice (D)
  2 ball lightnings (D)
3 creatures vanquished.

Grand Total: 521 creatures vanquished

Notes
Turn   | Place    | Note
-------+----------+-------------------------------------------
     0 | D        | mhtbhm the Draconian Transmuter began the quest for the
                  | Orb.
     0 | D        | Reached XP level 1. HP: 16/16 MP: 3/3
    11 | D        | Banished a spatial maelstrom
   185 | D        | Noticed an iguana
   185 | D        | Noticed a phantom
   185 | D        | Noticed an orc wizard
   185 | D        | Noticed an ice beast
   189 | D        | Killed an ice beast
   190 | D        | Reached XP level 2. HP: 23/23 MP: 2/6
   190 | D        | Reached XP level 3. HP: 28/28 MP: 2/8
   190 | D        | Reached XP level 4. HP: 35/35 MP: 2/9
   197 | D        | Killed a phantom
   198 | D        | Reached XP level 5. HP: 40/40 MP: 3/12
   201 | D        | Reached skill level 5 in Spellcasting
   260 | D        | Found a snail-covered altar of Cheibriados.
   260 | D        | Found a shadowy altar of Dithmenos.
   260 | D        | Found a white marble altar of Elyvilon.
   260 | D        | Found a blossoming altar of Fedhas.
   260 | D        | Found an opulent altar of Gozag.
   261 | D        | Found a hazy altar of Hepliaklqana.
   262 | D        | Found a viscous altar of Jiyva.
   263 | D        | Found an ancient bone altar of Kikubaaqudgha.
   264 | D        | Found a corrupted altar of Lugonu.
   265 | D        | Found a burning altar of Makhleb.
   266 | D        | Found a sparkling altar of Nemelex Xobeh.
   267 | D        | Found an iron altar of Okawaru.
   268 | D        | Became a worshipper of Gozag Ym Sagoz the Greedy
   269 | D        | Found a stormy altar of Qazlal.
   270 | D        | Found a sacrificial altar of Ru.
   271 | D        | Found a shimmering blue altar of Sif Muna.
   272 | D        | Found a bloodstained altar of Trog.
   273 | D        | Found a hide-covered altar of Uskayaw.
   274 | D        | Found a radiant altar of Vehumet.
   275 | D        | Found an ornate altar of the Wu Jian Council.
   276 | D        | Found a shimmering altar of Xom.
   277 | D        | Found a basalt altar of Yredelemnul.
   278 | D        | Found a glowing silver altar of Zin.
   279 | D        | Found a glowing golden altar of the Shining One.
   287 | D        | Found the +3 giant club "Skullcrusher" {speed, Str+7}
   320 | D        | Learned a level 2 spell: Wereblood
   324 | D        | Learned a level 3 spell: Spider Form
   329 | D        | Learned a level 4 spell: Ice Form
   550 | D        | Noticed a centaur
   550 | D        | Noticed a troll
   550 | D        | Noticed a yak
   550 | D        | Noticed a wraith
   550 | D        | Noticed a troll
   554 | D        | Killed a troll
   555 | D        | Reached skill level 10 in Unarmed Combat
   555 | D        | Reached skill level 1 in Ice Magic
   555 | D        | Reached XP level 6. HP: 34/47 MP: 6/15
   559 | D        | Killed a wraith
   560 | D        | Reached skill level 5 in Dodging
   560 | D        | Your scales start taking on a fiery red colour.
   560 | D        | Reached XP level 7. HP: 30/52 MP: 7/16
   560 | D        | Gained mutation: Your flesh is heat resistant. (rF+) [Red
                  | Draconian growth]
   566 | D        | Killed a yak
   571 | D        | Killed a troll
   572 | D        | HP: 2/63 [centaur/arrow (6)]
   930 | D        | Noticed a troll
   930 | D        | Noticed an efreet
   930 | D        | Noticed a cyan ugly thing
   930 | D        | Noticed a centaur warrior
   930 | D        | Noticed a troll
   933 | D        | Killed a troll
   934 | D        | Reached skill level 1 in Stealth
   934 | D        | Reached XP level 8. HP: 47/61 MP: 11/19
   937 | D        | Killed a centaur warrior
   941 | D        | Killed a cyan ugly thing
   942 | D        | Reached XP level 9. HP: 29/68 MP: 12/21
   944 | D        | Killed an efreet
   949 | D        | Killed a troll
   950 | D        | Reached skill level 15 in Unarmed Combat
  1265 | D        | Noticed a komodo dragon
  1265 | D        | Noticed a komodo dragon
  1267 | D        | Noticed a cane toad
  1271 | D        | Killed a komodo dragon
  1272 | D        | Noticed a komodo dragon
  1279 | D        | Noticed a cane toad
  1280 | D        | Reached skill level 1 in Evocations
  1286 | D        | Killed a komodo dragon
  1289 | D        | Killed a cane toad
  1293 | D        | Killed a komodo dragon
  1294 | D        | Reached skill level 10 in Transmutations
  1294 | D        | Reached XP level 10. HP: 48/78 MP: 20/23
  1298 | D        | Killed a cane toad
  1730 | D        | Noticed a cane toad
  1730 | D        | Noticed a cane toad
  1730 | D        | Noticed a cane toad
  1733 | D        | Noticed a cane toad
  1738 | D        | Killed a cane toad
  1745 | D        | Killed a cane toad
  1747 | D        | Noticed a cane toad
  1752 | D        | Killed a cane toad
  1753 | D        | Reached skill level 5 in Stealth
  1758 | D        | Killed a cane toad
  1764 | D        | Killed a cane toad
  1770 | D        | Noticed an elephant
  1770 | D        | Noticed an elephant
  1770 | D        | Noticed an elephant
  1770 | D        | Noticed an elephant
  1770 | D        | Noticed an elephant
  1770 | D        | Noticed an elephant
  1772 | D        | Noticed a dire elephant
  1778 | D        | Killed an elephant
  1784 | D        | Killed an elephant
  1785 | D        | Reached skill level 10 in Spellcasting
  1795 | D        | Noticed an elephant
  1798 | D        | Killed a dire elephant
  2136 | D        | Killed an elephant
  2137 | D        | Reached XP level 11. HP: 85/85 MP: 19/25
  2148 | D        | Reached skill level 5 in Ice Magic
  2344 | D        | Upgraded the game from 0.29-a0-551-gffc1d7fb78 to
                  | 0.29-a0-563-g64e4043184
  2385 | D        | Noticed Sonja
  2386 | D        | Noticed Maurice
  2406 | D        | HP: 3/85 [something/bolt of acid (18)]
  2406 | D        | Killed Maurice
  2408 | D        | Killed Sonja
  2767 | D        | Reached skill level 5 in Fighting
  2984 | D        | Found Jiek's Jewellery Boutique.
  2984 | D        | Noticed an orc sorcerer
  2984 | D        | Noticed an orc sorcerer
  2984 | D        | Noticed an orc sorcerer
  2984 | D        | Noticed an orc sorcerer
  2990 | D        | Killed an orc sorcerer
  2990 | D        | Noticed an orc sorcerer
  2991 | D        | Found Naxzuc's Distillery.
  2994 | D        | Killed an orc sorcerer
  2999 | D        | Killed an orc sorcerer
  3000 | D        | Killed an orc sorcerer
  3002 | D        | Found Agomp's General Store.
  3004 | D        | Killed an orc sorcerer
  3007 | D        | Found Xocemyno's General Store.
  3010 | D        | Noticed an orc sorcerer
  3011 | D        | Noticed an orc sorcerer
  3013 | D        | Noticed an orc sorcerer
  3021 | D        | Killed an orc sorcerer
  3029 | D        | Killed an orc sorcerer
  3032 | D        | Killed an orc sorcerer
  3105 | D        | Bought 2 silver boomerangs for 33 gold pieces
  3105 | D        | Bought a scroll of magic mapping for 38 gold pieces
  3105 | D        | Bought a scroll of identify for 22 gold pieces
  3109 | D        | Bought a potion of heal wounds for 50 gold pieces
  3109 | D        | Bought a scroll of immolation for 35 gold pieces
  3111 | D        | Bought a potion of curing for 33 gold pieces
  3111 | D        | Bought a potion of heal wounds for 55 gold pieces
  3111 | D        | Bought a potion of curing for 33 gold pieces
  3111 | D        | Bought a potion of heal wounds for 55 gold pieces
  3111 | D        | Bought 2 potions of mutation for 176 gold pieces
  3113 | D        | Bought the ring "Bomiud" {Fire Will+ rCorr Str+3 Slay+3
                  | SInv} for 663 gold pieces
  3338 | D        | Noticed Psyche
  3345 | D        | Killed Psyche
  3393 | D        | Found the +10 dark maul {vorpal}
  3477 | D        | Bought the Volume of Changing for 374 gold pieces
  3485 | D        | Learned a level 7 spell: Dragon Form
  3485 | D        | Noticed a cyan ugly thing
  3485 | D        | Noticed a centaur warrior
  3590 | D        | Noticed a four-headed hydra
  3597 | D        | Killed a centaur warrior
  3598 | D        | Reached XP level 12. HP: 94/94 MP: 16/27
  3599 | D        | Noticed a white very ugly thing
  3603 | D        | Noticed an ice dragon
  3609 | D        | Killed a six-headed hydra
  3611 | D        | Noticed a fire dragon
  3612 | D        | Noticed an ettin
  3613 | D        | Killed a white very ugly thing
  3615 | D        | Killed an ice dragon
  3615 | D        | Noticed a deep troll earth mage
  3626 | D        | Killed a fire dragon
  3627 | D        | Killed an ettin
  3630 | D        | Killed a deep troll earth mage
  3689 | D        | Noticed Frances
  3725 | D        | Gained mutation: You are clumsy. (Dex -2) [mutagenic glow]
  3878 | D        | Killed Frances
  3959 | D        | Noticed a bunyip
  3959 | D        | Noticed an alligator
  3959 | D        | Noticed a six-headed hydra
  3962 | D        | Reached skill level 10 in Stealth
  3963 | D        | Killed an eight-headed hydra
  3973 | D        | Killed an alligator
  3974 | D        | Noticed a ghost crab
  3977 | D        | Killed a bunyip
  3982 | D        | Reached skill level 10 in Dodging
  4170 | D        | Reached XP level 13. HP: 61/102 MP: 27/30
  4449 | D        | Noticed an emperor scorpion
  4460 | D        | Reached skill level 15 in Transmutations
  4465 | D        | Killed an emperor scorpion
  4986 | D        | Noticed Gastronok
  4994 | D        | Killed Gastronok
  5048 | D        | Noticed Rupert
  5055 | D        | Killed Rupert
  5095 | D        | Noticed a lich
  5095 | D        | Noticed a frost giant
  5096 | D        | Noticed a fire giant
  5102 | D        | Noticed a stone giant
  5286 | D        | Killed a frost giant
  5608 | D        | Killed a lich
  5609 | D        | Reached skill level 15 in Spellcasting
  5630 | D        | Killed a fire giant
  5631 | D        | Reached XP level 14. HP: 54/114 MP: 15/33
  5703 | D        | Killed a stone giant
  6276 | D        | Noticed a white very ugly thing
  6279 | D        | Noticed a brown very ugly thing
  6284 | D        | Killed a white very ugly thing
  6288 | D        | Killed a red very ugly thing
  6328 | D        | Noticed a fire giant
  6343 | D        | Killed a fire giant
  6378 | D        | Noticed an ironbound preserver
  6388 | D        | Noticed an ironbound preserver
  6393 | D        | Killed an ironbound preserver
  6395 | D        | Noticed a vault warden
  6400 | D        | Killed an ironbound preserver
  6400 | D        | Noticed an ironbound preserver
  6405 | D        | Killed a vault warden
  6410 | D        | Killed an ironbound preserver
  6771 | D        | Noticed Boris
  6782 | D        | Killed Boris
  6783 | D        | Reached skill level 27 in Unarmed Combat
  6830 | D        | Noticed Azrael
  6842 | D        | Killed Azrael
  7075 | D        | Found the +8 frozen axe "Frostbite" {freezing cloud, *Noise
                  | Fly rC+}
  7086 | D        | Found the +3 pair of gauntlets of War {Slay+5}
  7193 | D        | Noticed Frederick
  7204 | D        | Killed Frederick
  7245 | D        | Bought a book of Iron for 648 gold pieces
  7245 | D        | Bought a manual of Spellcasting for 1440 gold pieces
  7251 | D        | Learned a level 5 spell: Blade Hands
  7253 | D        | Bought a lightning rod (4/4) for 420 gold pieces
  7253 | D        | Bought a potion of mutation for 112 gold pieces
  7253 | D        | Bought a potion of mutation for 112 gold pieces
  7359 | D        | Noticed a ghost moth
  7362 | D        | Reached XP level 15. HP: 123/123 MP: 26/38
  7385 | D        | Got a decaying rune of Zot
  7484 | D        | Noticed a nagaraja
  7484 | D        | Noticed a nagaraja
  7484 | D        | Noticed a nagaraja
  7485 | D        | Noticed a nagaraja
  7488 | D        | Noticed a nagaraja
  7489 | D        | Killed a nagaraja
  7490 | D        | Noticed a nagaraja
  7493 | D        | Killed a nagaraja
  7500 | D        | Killed a nagaraja
  7505 | D        | Killed a nagaraja
  7507 | D        | Killed a nagaraja
  7515 | D        | Killed a nagaraja
  7539 | D        | Got a serpentine rune of Zot
  7631 | D        | Noticed an emperor scorpion
  7640 | D        | Killed an emperor scorpion
  7642 | D        | Noticed an emperor scorpion
  7644 | D        | Noticed an emperor scorpion
  7648 | D        | Noticed an emperor scorpion
  7653 | D        | Killed an emperor scorpion
  7654 | D        | Noticed an emperor scorpion
  7659 | D        | Killed an emperor scorpion
  7663 | D        | Reached skill level 10 in Fighting
  7667 | D        | Killed an emperor scorpion
  7670 | D        | Killed an emperor scorpion
  7680 | D        | Got a gossamer rune of Zot
  7937 | D        | Noticed Ilsuiw
  7948 | D        | Killed Ilsuiw
  7983 | D        | Got a barnacled rune of Zot
  8134 | D        | Noticed Nikola
  8142 | D        | Killed Nikola
  8143 | D        | Reached skill level 15 in Dodging
  8266 | D        | Noticed Sojobo
  8267 | D        | Noticed a tengu reaver
  8276 | D        | Killed Sojobo
  8280 | D        | Killed a tengu reaver
  8283 | D        | Noticed a tengu reaver
  8292 | D        | Killed a tengu reaver
  8511 | D        | Reached XP level 16. HP: 138/138 MP: 35/44
  8763 | D        | Noticed a golden dragon
  8766 | D        | Noticed a tengu reaver
  8774 | D        | Reached skill level 27 in Spellcasting
  8776 | D        | Killed a golden dragon
  8777 | D        | Noticed a shadow dragon
  8778 | D        | Killed a tengu reaver
  8785 | D        | Noticed a shadow dragon
  8789 | D        | Killed a shadow dragon
  8799 | D        | Killed a shadow dragon
  8812 | D        | Noticed a shadow dragon
  8812 | D        | Noticed a shadow dragon
  8816 | D        | Noticed a shadow dragon
  8819 | D        | Killed a shadow dragon
  8825 | D        | Killed a shadow dragon
  8826 | D        | Identified the +5 scale mail of Polish {rN+ Str-4 Int+3}
  8834 | D        | Killed a shadow dragon
  8835 | D        | Reached skill level 15 in Fighting
  8845 | D        | Got a silver rune of Zot
  8921 | D        | Bought a book of the Dragon for 828 gold pieces
  8921 | D        | Bought the Tome of Mutagenic Summoning for 792 gold pieces
  8929 | D        | Learned a level 7 spell: Storm Form
  8939 | D        | Learned a level 9 spell: Dragon's Call
  9048 | D        | Noticed Louise
  9067 | D        | Killed Louise
  9068 | D        | Reached skill level 1 in Summonings
  9110 | D        | Got the ring "Oxzo" {rElec rC+ rCorr}
  9112 | D        | Got the amulet "Luogoed" {Faith Will+ Str+3}
  9114 | D        | Got the amulet of Puppuz {Regen+ SInv}
  9116 | D        | Got the amulet "Reobleni" {Faith rF++ Str+4}
  9118 | D        | Got the amulet "Liptidun" {Spirit Rampage +Blink rC- Str+5}
  9211 | D        | Bought a potion of might for 124 gold pieces
  9211 | D        | Bought a scroll of fog for 62 gold pieces
  9213 | D        | Bought the brooch of Shielding {Spirit SH+8} for 772 gold
                  | pieces
  9213 | D        | Found the brooch of Shielding {Spirit SH+8}
  9294 | D        | Noticed a tentacled monstrosity
  9306 | D        | Killed a tentacled monstrosity
  9317 | D        | Reached skill level 5 in Summonings
  9343 | D        | Reached XP level 17. HP: 158/158 MP: 45/48
  9715 | D        | Noticed a quicksilver dragon
  9720 | D        | Reached skill level 10 in Summonings
  9724 | D        | Reached skill level 27 in Transmutations
  9728 | D        | Killed a quicksilver dragon
 10028 | D        | Noticed a golden dragon
 10028 | D        | Noticed a tentacled monstrosity
 10029 | D        | Noticed a golden dragon
 10031 | D        | Killed a tentacled monstrosity
 10041 | D        | Killed a golden dragon
 10048 | D        | Killed a golden dragon
 10087 | D        | Noticed a Killer Klown
 10087 | D        | Noticed a curse toe
 10087 | D        | Noticed a tentacled monstrosity
 10091 | D        | Killed a tentacled monstrosity
 10095 | D        | Killed a curse toe
 10534 | D        | Killed a Killer Klown
 10548 | D        | Reached skill level 15 in Summonings
 10810 | D        | Noticed an Orb Guardian
 10810 | D        | Noticed an Orb Guardian
 10810 | D        | Noticed an Orb Guardian
 10810 | D        | Noticed an Orb Guardian
 10810 | D        | Noticed an Orb Guardian
 10810 | D        | Noticed an Orb Guardian
 10814 | D        | Killed an Orb Guardian
 10815 | D        | Killed an Orb Guardian
 10816 | D        | Noticed an Orb Guardian
 10819 | D        | Killed an Orb Guardian
 10820 | D        | Noticed an Orb Guardian
 10821 | D        | Noticed an Orb Guardian
 10823 | D        | Killed an Orb Guardian
 10824 | D        | Noticed an Orb Guardian
 10825 | D        | Killed an Orb Guardian
 10827 | D        | Killed an Orb Guardian
 10829 | D        | Killed an Orb Guardian
 10832 | D        | Killed an Orb Guardian
 10834 | D        | Killed an Orb Guardian
 10835 | D        | Killed an Orb Guardian
 10844 | D        | Noticed a tentacled monstrosity
 10844 | D        | Noticed an Orb Guardian
 10844 | D        | Noticed an Orb Guardian
 10845 | D        | Noticed an Orb Guardian
 10847 | D        | Noticed an Orb Guardian
 10860 | D        | Killed an Orb Guardian
 11110 | D        | Killed an Orb Guardian
 11111 | D        | Reached XP level 18. HP: 180/180 MP: 40/49
 11119 | D        | Killed a tentacled monstrosity
 11148 | D        | Killed an Orb Guardian
 11175 | D        | Killed an Orb Guardian
 11228 | D        | Bought a scroll of summoning for 152 gold pieces
 11228 | D        | Bought a scroll of fog for 32 gold pieces
 11230 | D        | Bought a pair of masterwork gloves for 370 gold pieces
 11230 | D        | Identified the +2 pair of gloves of the Dungeon {+Blink
                  | rPois rF+ Dex+2 Slay+3} (You bought it in a shop in the
                  | Dungeon)
 11230 | D        | Bought a pair of glowing boots for 292 gold pieces
 11233 | D        | Bought a wand of mindburst (7) for 132 gold pieces
 11233 | D        | Bought a potion of heal wounds for 60 gold pieces
 11237 | D        | Noticed an ancient lich
 11239 | D        | Killed an ancient lich
 11242 | D        | Noticed an orb of fire
 11246 | D        | Killed an orb of fire
 11249 | D        | Noticed an electric golem
 11254 | D        | Killed an electric golem
 11257 | D        | Noticed an ancient lich
 11257 | D        | Noticed an Orb Guardian
 11257 | D        | Noticed a Killer Klown
 11257 | D        | Noticed an Orb Guardian
 11257 | D        | Noticed an Orb Guardian
 11258 | D        | Noticed an Orb Guardian
 11259 | D        | Noticed an orb of fire
 11263 | D        | Killed a Killer Klown
 11266 | D        | Killed an Orb Guardian
 11268 | D        | Killed an Orb Guardian
 11270 | D        | Noticed an orb of fire
 11277 | D        | Killed an ancient lich
 11278 | D        | Noticed an orb of fire
 11282 | D        | Killed an orb of fire
 11283 | D        | Noticed an ancient lich
 11286 | D        | Killed an orb of fire
 11287 | D        | Reached skill level 27 in Dodging
 11291 | D        | Killed an Orb Guardian
 11292 | D        | Noticed an ancient lich
 11296 | D        | Killed an orb of fire
 11298 | D        | Killed an ancient lich
 11302 | D        | Killed an Orb Guardian
 11317 | D        | Killed an ancient lich
 11705 | D        | Noticed an Orb Guardian
 11705 | D        | Noticed an Orb Guardian
 11705 | D        | Noticed an Orb Guardian
 11705 | D        | Noticed an Orb Guardian
 11705 | D        | Noticed an Orb Guardian
 11705 | D        | Noticed an Orb Guardian
 11707 | D        | Killed an Orb Guardian
 11708 | D        | Noticed an Orb Guardian
 11709 | D        | Killed an Orb Guardian
 11710 | D        | Noticed an Orb Guardian
 11714 | D        | Killed an Orb Guardian
 11716 | D        | Killed an Orb Guardian
 11717 | D        | Killed an Orb Guardian
 11718 | D        | Noticed an Orb Guardian
 11719 | D        | Killed an Orb Guardian
 11720 | D        | Noticed an Orb Guardian
 11721 | D        | Noticed an Orb Guardian
 11726 | D        | Killed an Orb Guardian
 11729 | D        | Killed an Orb Guardian
 11730 | D        | Reached skill level 27 in Fighting
 11732 | D        | Noticed an Orb Guardian
 11734 | D        | Killed an Orb Guardian
 11736 | D        | Killed an Orb Guardian
 11739 | D        | Killed an Orb Guardian
 11740 | D        | Reached skill level 1 in Conjurations
 11740 | D        | Reached skill level 1 in Translocations
 11740 | D        | Reached skill level 1 in Fire Magic
 11743 | D        | Killed an Orb Guardian
 11744 | D        | Reached skill level 1 in Short Blades
 11744 | D        | Reached skill level 1 in Long Blades
 11744 | D        | Reached skill level 1 in Shields
 11744 | D        | Reached skill level 1 in Invocations
 11881 | D        | Noticed a lich
 11881 | D        | Noticed a lich
 11881 | D        | Noticed an ancient lich
 11884 | D        | Noticed an ancient lich
 11886 | D        | Killed an ancient lich
 11887 | D        | Reached skill level 1 in Throwing
 11887 | D        | Reached XP level 19. HP: 207/207 MP: 41/50
 11898 | D        | Killed an ancient lich
 11899 | D        | Reached skill level 27 in Summonings
 11899 | D        | Reached skill level 5 in Evocations
 11902 | D        | Reached skill level 5 in Throwing
 11951 | D        | Reached skill level 10 in Evocations
 11965 | D        | Reached skill level 10 in Throwing
 12001 | D        | Got an elven rune of Zot
 12305 | D        | Bought a condenser vane for 640 gold pieces
 12305 | D        | Bought a tin of tremorstones (2/2) for 640 gold pieces
 12315 | D        | Noticed the Royal Jelly
 12319 | D        | Reached skill level 15 in Evocations
 12330 | D        | Killed the Royal Jelly
 12331 | D        | Reached skill level 15 in Throwing
 12388 | D        | Got a slimy rune of Zot
 13101 | D        | Bought a scroll of blinking for 127 gold pieces
 13101 | D        | Bought a scroll of blinking for 127 gold pieces
 13439 | D        | Noticed a royal mummy
 13439 | D        | Noticed a royal mummy
 13439 | D        | Noticed a royal mummy
 13442 | D        | Noticed a royal mummy
 13919 | D        | Killed a royal mummy
 13928 | D        | Killed a royal mummy
 13929 | D        | Reached XP level 20. HP: 66/216 MP: 45/51
 13933 | D        | Killed a royal mummy
 14466 | D        | Noticed a royal mummy
 14478 | D        | Killed a royal mummy
 14483 | D        | Killed a royal mummy
 14485 | D        | Got a golden rune of Zot
 14905 | D        | Bought a potion of haste for 200 gold pieces
 14905 | D        | Bought a potion of might for 80 gold pieces
 14905 | D        | Bought a potion of heal wounds for 100 gold pieces
 14905 | D        | Bought a potion of haste for 200 gold pieces
 14905 | D        | Bought 2 potions of curing for 120 gold pieces
 14905 | D        | Bought a potion of curing for 60 gold pieces
 14946 | D        | Got an abyssal rune of Zot
 15088 | D        | Noticed Geryon
 15093 | D        | Killed Geryon
 15096 | D        | Identified a scroll of acquirement
 15097 | D        | Acquired 1192 gold pieces
 15103 | D        | Noticed Ereshkigal
 15103 | D        | Found the +6 sword of Cerebov {flame}
 15103 | D        | Noticed Cerebov
 15103 | D        | Noticed Gloorx Vloq
 15471 | D        | Killed Cerebov
 15482 | D        | Killed Ereshkigal
 15910 | D        | Killed Gloorx Vloq
 16616 | D        | Found the +4 staff of Dispater
 16616 | D        | Noticed Dispater
 16628 | D        | Killed Dispater
 16629 | D        | Reached skill level 27 in Evocations
 16635 | D        | Got a fiery rune of Zot
 16639 | D        | Got a bone rune of Zot
 16641 | D        | Noticed Mnoleg
 16644 | D        | Found the +7 sceptre of Asmodeus
 16644 | D        | Noticed Asmodeus
 16647 | D        | Noticed Lom Lobon
 16649 | D        | Gained mutation: You are dopey. (Int -2) [Mnoleg's
                  | mutagenic touch]
 16650 | D        | Noticed Antaeus
 16651 | D        | Killed Mnoleg
 16661 | D        | Killed Asmodeus
 16668 | D        | Mangled by Antaeus

Illustrated notes

Levels and vault maps discovered:
D:        linesprint [early_d, line_temple, items_1, d_10, items_2, lair_1,
          lair_end, items_3, orc_1, orc_end, items_4, d_15, swamp_1, shoals_1,
          snake_1, spider_1, d_20, vaults_1, items_5, swamp_end, shoals_end,
          snake_end, spider_end, vaults_end, d_27, items_6, zot_1, zot_end,
          crypt_end, forest_end, elf_end, slime_end, tomb_end, abyss_end,
          pan_hell_end]

Skill      XL: |  1  2  3  4  5  6  7  8  9 10 11 12 13 14 15 16 17 18 19 20 |
---------------+-------------------------------------------------------------+-----
Dodging        | 3 4 5 6 8 9 10 11 12 15 18 24 27 | 27.0
Unarmed Combat | 7 8 10 11 12 14 16 18 20 22 25 27 | 27.0
Spellcasting   | 3 4 6 7 8 9 10 11 13 15 19 24 27 | 27.0
Transmutations | 3 4 6 7 8 10 12 14 16 18 21 25 27 | 27.0
Ice Magic      | 1 3 4 5 6 |  6.6
Fighting       | 2 3 4 5 7 8 11 15 20 27 | 27.0
Stealth        | 1 2 3 6 9 10 11 12 | 12.4
Evocations     | 1 2 3 4 22 27 | 27.0
Summonings     | 6 17 25 27 | 27.0
Conjurations   | 1 |  1.3
Translocations | 1 |  1.1
Fire Magic     | 1 |  1.3
Short Blades   | 1 |  1.0
Long Blades    | 1 |  1.0
Shields        | 1 |  1.0
Invocations    | 1 |  1.0
Throwing       | 1 20 26 | 26.8
Axes           | |  0.9
Maces & Flails | |  0.9
Polearms       | |  0.9
Staves         | |  0.9
Slings         | |  0.8
Bows           | |  0.9
Crossbows      | |  0.8
Hexes          | |  0.8
Necromancy     | |  0.9
Air Magic      | |  0.9
Earth Magic    | |  0.9
Poison Magic   | |  0.9

Action                   |  1- 3 |  4- 6 |  7- 9 | 10-12 | 13-15 | 16-18 | 19-21 || total
-------------------------+-------+-------+-------+-------+-------+-------+-------++-------
Melee: Unarmed           |    14 |    18 |    49 |   233 |   272 |   345 |   232 ||  1163
       Kick              |     4 |     4 |       |       |       |       |       ||     8
       Headbutt          |     3 |     2 |       |       |       |       |       ||     5
       Tailslap          |     1 |       |       |    16 |    41 |    58 |    42 ||   158
       Punch             |       |       |       |     6 |    57 |    66 |    44 ||   173
       Bite              |       |       |       |     3 |    32 |    40 |    36 ||   111
 Cast: Beastly Appendage |     2 |       |       |       |       |       |       ||     2
       Ice Form          |       |     1 |     2 |     8 |     2 |       |       ||    13
       Wereblood         |       |     1 |     1 |    10 |    18 |    13 |    13 ||    56
       Dragon Form       |       |       |       |     3 |    21 |    14 |    11 ||    49
       Dragon's Call     |       |       |       |       |       |       |     1 ||     1
Invok: Potion Petition   |       |       |       |     2 |       |       |     1 ||     3
       Call Merchant     |       |       |       |     1 |     2 |     7 |     9 ||    19
 Abil: Breathe Fire      |       |       |     1 |     2 |       |       |       ||     3
Evoke: Wand              |       |       |     3 |     6 |     1 |       |       ||    10
  Use: Potion            |     1 |     1 |     3 |     2 |     3 |       |     9 ||    19
       Scroll            |       |       |       |     1 |     2 |     3 |     5 ||    11
 Stab: Invisible         |       |       |     1 |     9 |       |       |       ||    10
       Distracted        |       |       |     1 |     5 |     5 |     6 |     3 ||    20
       Sleeping          |       |       |       |     2 |     1 |     7 |     3 ||    13
Armor: Skin              |     2 |     3 |    16 |    60 |    92 |    72 |    46 ||   291
Dodge: Dodged            |     8 |     7 |    27 |    67 |    67 |    65 |    48 ||   289
Block: Other             |       |       |       |       |       |       |     4 ||     4

Table legend: (Time is in decaauts) A = Elapsed time spent in this place. B = Non-inter-level travel time spent in this place. C = Inter-level travel time spent in this place. D = Time resting spent in this place. E = Time spent auto-exploring this place. F = Levels seen in this place. G = Mean time per level. A B C D E F G +--------+--------+--------+--------+--------+-----+--------+ Total | 16203 | 16203 | 0 | 6568 | 4536 | 1 | 16203.0 | Dungeon | 16203 | 16203 | 0 | 6568 | 4536 | 1 | 16203.0 | +--------+--------+--------+--------+--------+-----+--------+

Top non-repeatable levels by time:
       D: 16203 daAuts
